 Dungeon Crawl Stone Soup version 0.14-a0-1761-gdbd231b (webtiles) character file.

484 HollowCharge the Slasher (level 5, -3/46 HPs)
             Began as a Demigod Warper on Jan 4, 2014.
             Shot with an arrow by it (15 damage)
             ... on Level 3 of the Dungeon.
             The game lasted 00:25:56 (4824 turns).

HollowCharge the Slasher (Demigod Warper)           Turns: 4824, Time: 00:25:57

HP  -3/46        AC  8     Str 15      XL: 5   Next: 93%
MP  11/12        EV 12     Int 17      God:
Gold 178         SH  0     Dex 17      Spells:  3 memorised,  3 levels left

rFire  . . .     SeeInvis .     u - +0,+1 orc falchion
rCold  . . .     Clarity  .     r - +2 leather armour
rNeg   . . .     Conserve .     (no shield)
rPois  .         rCorr    .     (no helmet)
rElec  .         rRot     .     (no cloak)
SustAb . .       Spirit   .     (no gloves)
rMut   .         Warding  .     (no boots)
Saprov . . .     Stasis   .     (no amulet)
                                (no ring)
                                w - +3 ring of protection

@: slightly resistant to hostile enchantments, unstealthy
A: no striking features
a: no special abilities


You were on level 3 of the Dungeon.
You were not hungry.

You visited 1 branch of the dungeon, and saw 4 of its levels.

You collected 178 gold pieces.

Inventory:

Hand weapons
 a - a +0,+0 falchion
 u - a +0,+1 orcish falchion (weapon)
Missiles
 e - 15 darts (quivered)
 f - 10 darts of dispersal
Armour
 o - a +0 scale mail of poison resistance
 r - a +2 leather armour (worn)
Comestibles
 g - a bread ration
 i - 2 chunks of jackal flesh
 k - 4 meat rations
Scrolls
 d - 2 scrolls of blinking
 h - a scroll of identify
 q - a scroll of immolation {unknown}
Jewellery
 w - a +3 ring of protection (left hand)
Potions
 b - a potion of invisibility
 j - a potion of beneficial mutation {unknown}
 l - a potion of agility {unknown}
 t - 2 potions of restore abilities {unknown}
Books
 c - a book of Spatial Translocations

   Spells                             Type                      Level
   *Apportation                       Translocation                1
   Portal Projectile                  Translocation                2
   *Blink                             Translocation                2
   *Shroud of Golubria                Charms/Translocation         2
   Teleport Other                     Translocation                3
   Passage of Golubria                Translocation                4
 p - a book of the Warp

   Spells                             Type                      Level
   Recall                             Summoning/Translocation      3
   Control Teleport                   Charms/Translocation         4
   Phase Shift                        Translocation                5
   Warp Weapon                        Charms/Translocation         5
   Dispersal                          Translocation                6
   Controlled Blink                   Translocation                7
   Disjunction                        Translocation                8


   Skills:
 * Level 3.8 Fighting
 * Level 4.2 Long Blades
 - Level 0.8 Throwing
 - Level 1.0 Armour
 - Level 2.0 Dodging
 - Level 2.1 Spellcasting
 - Level 3.0 Translocations


You had 3 spell levels left.
You knew the following spells:

 Your Spells              Type           Power        Failure   Level  Hunger
a - Apportation           Tloc           ##........   6%          1    #......
b - Blink                 Tloc           N/A          10%         2    ##.....
c - Shroud of Golubria    Chrm/Tloc      #.........   17%         2    ##.....


Dungeon Overview and Level Annotations

Branches:
Dungeon (4/16)
 Temple: D:4-7

Annotations:
D:3 Nicoed's ghost, average HuFi
D:4 HollowCharge's ghost, average DgWr


Message History

Casting: Blink
Confirm with . or Enter, or press ? or * to list all spells.
You blink.
It hits you.
Casting: Blink
Confirm with . or Enter, or press ? or * to list all spells.
Okay, then.
You barely miss it. It hits you. It hits you.
You hit it. It hits you but does no damage. It barely misses you.
It hits you but does no damage.
You hear a twanging sound.
The arrow hits you!
You see here an arrow.
You hear a twanging sound.
The arrow misses you.
You hear a twanging sound.
The arrow hits you!
* * * LOW HITPOINT WARNING * * *
You see here an arrow.
The arrow hits you!
You die...

######
################....#
....................#
##############.#@...#
#.#....# #(#....#
#(###.##
#.###(##.###.
#######(.(..{..(....
..
#.......{.{........
.(...
#.#####............
..... #...........#


There were no monsters in sight!

Vanquished Creatures
  An orc priest (D:3)
  2 orc wizards
  2 worker ants (D:4)
  Jessica (D:2)
  4 adders
  3 worms
  4 giant geckos
  2 oozes
  13 orcs
  3 ball pythons
  3 giant cockroaches
  7 goblins
  8 hobgoblins
  8 jackals
  7 bats
  4 giant newts
  10 kobolds
  10 rats
92 creatures vanquished.

Vanquished Creatures (others)
  2 bats (D:4)
2 creatures vanquished.

Grand Total: 94 creatures vanquished

Notes
Turn   | Place    | Note
--------------------------------------------------------------
     0 | D:1      | HollowCharge, the Demigod Warper, began the quest for the Orb.
     0 | D:1      | Reached XP level 1. HP: 17/17 MP: 3/3
     4 | D:1      | Reached skill level 1 in Armour
   345 | D:1      | Reached XP level 2. HP: 18/24 MP: 4/4
  1445 | D:2      | Reached XP level 3. HP: 20/30 MP: 7/7
  1545 | D:2      | Learned a level 2 spell: Blink
  1548 | D:2      | Learned a level 2 spell: Shroud of Golubria
  2476 | D:3      | Noticed Nicoed's ghost (average HuFi)
  2505 | D:2      | Reached skill level 3 in Long Blades
  2516 | D:3      | Noticed Jessica
  2615 | D:2      | Reached XP level 4. HP: 23/37 MP: 9/9
  3032 | D:2      | Killed Jessica
  3325 | D:3      | Reached XP level 5. HP: 43/45 MP: 10/12
  3733 | D:3      | Found a shimmering altar of Xom.
  3733 | D:3      | Found a shimmering altar of Xom.
  3733 | D:3      | Found a shimmering altar of Xom.
  3734 | D:3      | Found a shimmering altar of Xom.
  3737 | D:3      | Found a shimmering altar of Xom.
  3796 | D:3      | Noticed a centaur
  4028 | D:4      | Reached skill level 4 in Long Blades
  4278 | D:4      | Found a radiant altar of Vehumet.
  4278 | D:4      | Found a blossoming altar of Fedhas.
  4279 | D:4      | Found a white marble altar of Elyvilon.
  4291 | D:4      | Noticed HollowCharge's ghost (average DgWr)
  4824 | D:3      | Shot with an arrow by it

Action                   |  1- 3 |  4- 6 || total
-------------------------+-------+-------++-------
Melee: Falchion          |   196 |   227 ||   423
 Cast: Blink             |       |     3 ||     3
  Use: Potion            |     1 |     1 ||     2
       Scroll            |     5 |     1 ||     6
 Stab: Sleeping          |     2 |       ||     2
